 Dungeon Crawl Stone Soup version 0.25-a0-110-ge29c8f2358 (webtiles) character file.

Game seed: 11978564226919692913, levelgen mode: deterministic

952 RedPan the Chiller (level 7, -6/50 HPs)
             Began as a Black Draconian Ice Elementalist on Nov 19, 2019.
             Was an Initiate of Sif Muna.
             Mangled by an ogre
             ... wielding a +0 giant club
              (20 damage)
             ... on level 6 of the Dungeon on Nov 20, 2019.
             The game lasted 00:16:46 (5587 turns).

RedPan the Chiller (DrIE)                           Turns: 5587, Time: 00:16:47

Health: -6/50      AC:  9    Str: 10    XL:     7   Next: 90%
Magic:  4/14       EV: 12    Int: 18    God:    Sif Muna [......]
Gold:   298        SH:  5    Dex: 11    Spells: 11/16 levels left

rFire    . . .     SeeInvis .   g - +2 mace (protect)
rCold    . . .     Gourm    .   q - +1 buckler
rNeg     . . .     Faith    .   (armour unavailable)
rPois    .         Spirit   .   (helmet restricted)
rElec    +         Reflect  .   (no cloak)
rCorr    .         Harm     .   (no gloves)
MR       .....                  (no boots)
Stlth    +.........             (no amulet)
HPRegen  0.16/turn              n - ring of attention (curse)
MPRegen  0.14/turn              e - +3 ring of protection

@: very slightly contaminated
A: breathe lightning, unfitting armour, electricity resistance, cold-blooded, AC
+6
a: Breathe Lightning, Renounce Religion


You were on level 6 of the Dungeon.
You worshipped Sif Muna.
Sif Muna was noncommittal.
You were not hungry.

You visited 1 branch of the dungeon, and saw 6 of its levels.

You collected 298 gold pieces.

Inventory:

Hand Weapons
 c - a +0 trident
 g - a +2 mace of protection (weapon)
Armour
 q - a +1 buckler (worn)
Jewellery
 e - a +3 ring of protection (right hand)
 m - an uncursed ring of ice
 n - a cursed ring of attention (left hand)
 r - an uncursed ring of protection from magic
 t - an uncursed ring of positive energy
 w - an uncursed ring of resist corrosion {unknown}
Wands
 i - a wand of flame (20)
 p - a wand of digging (5)
Scrolls
 s - 6 scrolls of teleportation
 u - 2 scrolls of enchant armour
Potions
 a - 2 potions of curing
 d - a potion of resistance
 f - 3 potions of brilliance
 h - 2 potions of heal wounds
 j - a potion of might {unknown}
 k - 2 potions of lignification
 l - a potion of degeneration {unknown}
 o - a potion of flight {unknown}
Comestibles
 b - 9 rations


   Skills:
 - Level 1.7 Dodging
 - Level 1.7 Stealth
 + Level 3.4 Shields
 + Level 5.1 Spellcasting
   Level 1.0 Conjurations
 + Level 3.5 Summonings
 + Level 5.9 Ice Magic


You had 11 spell levels left.
You knew the following spells:

 Your Spells              Type           Power        Failure   Level  Hunger
a - Freeze                Ice            ####         1%          1    None
b - Summon Ice Beast      Ice/Summ       ###.....     21%         4    ####...

Your spell library contained the following spells:

 Spells                   Type           Power        Failure   Level  Hunger
 Throw Frost              Conj/Ice       ###...       4%          2    #......
 Ozocubu's Armour         Chrm/Ice       ###.....     12%         3    ##.....
 Throw Icicle             Conj/Ice       ###.....     32%         4    ####...


Dungeon Overview and Level Annotations

Branches:
Dungeon (6/15)
 Temple: D:4-7

Altars:
Gozag
Hepliaklqana
Sif Muna
Xom

Annotations:
D:3 2 transporters


Innate Abilities, Weirdness & Mutations

You can breathe wild blasts of lightning.
Your glossy black scales are hard. (AC +6)
You cannot fit into any form of body armour.
You are resistant to electric shocks. (rElec)
You are cold-blooded and may be slowed by cold attacks.


Message History

You are very lightly contaminated with residual magic.
The world appears momentarily distorted.
Casting: Summon Ice Beast (slightly dangerous; 21% risk of failure)
Confirm with . or Enter, or press ? or * to list all spells.
You miscast Summon Ice Beast.
You hear strange voices.
The ogre hits you with a +0 giant club!
Casting: Summon Ice Beast (slightly dangerous; 21% risk of failure)
Confirm with . or Enter, or press ? or * to list all spells.
You miscast Summon Ice Beast.
You feel a strange surge of energy! The ogre hits you with a +0 giant club!
Casting: Summon Ice Beast (slightly dangerous; 21% risk of failure)
Confirm with . or Enter, or press ? or * to list all spells.
You don't have enough magic to cast that spell.
Unknown command.
The ogre hits you with a +0 giant club!
* * * LOW HITPOINT WARNING * * *
There is a stone staircase leading up here.
The ogre hits you with a +0 giant club!!
You die...

#.# ########## #.#
#........####.#
#.####........#####
#..................
#..##.........####.
#.........##.<.#
#........(#.....#
#.@##..........##
#.O##.##..###.##
#.O##.##..# #.#
#..##.##..# #.#
#.^Y......# #+#
#####.##### ... ###.# ....
##.#.# .O...
..##.########....###......


You could see an ice beast and 2 ogres.

Vanquished Creatures
  2 centaurs (D:5)
  2 ogres
  A scorpion (D:4)
  A water moccasin zombie (D:5)
  A bullfrog skeleton (D:6)
  Jessica (D:2)
  3 worker ants (D:5)
  10 adders
  4 gnolls (D:5)
  A shadow imp (D:5)
  An ooze (D:2)
  2 worms
  3 leopard geckos
  An orc (D:4)
  4 giant cockroaches
  7 goblins
  7 hobgoblins
  11 jackals
  2 quokkas (D:2)
  3 ball pythons
  2 bats
  4 frilled lizards
  A jackal skeleton (D:4)
  8 kobolds
  8 rats
90 creatures vanquished.

Vanquished Creatures (collateral kills)
  An ice beast (D:5)
  An ogre (D:5)
  A wyvern zombie (D:6)
  A scorpion (D:5)
  3 crimson imps (D:5)
  A centaur zombie (D:5)
  A hound (D:5)
9 creatures vanquished.

Grand Total: 99 creatures vanquished

Notes
Turn   | Place    | Note
-------+----------+-------------------------------------------
     0 | D:1      | RedPan the Draconian Ice Elementalist began the quest for
                  | the Orb.
     0 | D:1      | Reached XP level 1. HP: 14/14 MP: 3/3
   483 | D:1      | Reached XP level 2. HP: 20/20 MP: 5/5
   964 | D:2      | Found an opulent altar of Gozag.
  1104 | D:2      | Reached XP level 3. HP: 26/26 MP: 4/7
  1846 | D:2      | Reached XP level 4. HP: 33/33 MP: 6/8
  1935 | D:2      | Noticed Jessica
  1939 | D:2      | Killed Jessica
  2311 | D:3      | Reached XP level 5. HP: 31/38 MP: 7/10
  2367 | D:3      | Learned a level 4 spell: Summon Ice Beast
  2463 | D:3      | Found a transporter.
  2749 | D:3      | Found a transporter.
  2939 | D:4      | Reached skill level 1 in Shields
  2939 | D:4      | Reached skill level 1 in Summonings
  3166 | D:4      | Noticed an ogre
  3176 | D:4      | Killed an ogre
  3176 | D:4      | Reached skill level 5 in Ice Magic
  3176 | D:4      | Reached XP level 6. HP: 31/45 MP: 3/12
  3699 | D:5      | Entered Level 5 of the Dungeon
  4114 | D:5      | Your scales start taking on a glossy black colour.
  4114 | D:5      | Reached XP level 7. HP: 14/50 MP: 0/13
  4114 | D:5      | Gained mutation: You are resistant to electric shocks.
                  | (rElec) [Black Draconian growth]
  4430 | D:5      | Found a shimmering altar of Xom.
  4431 | D:5      | Found a hazy altar of Hepliaklqana.
  4431 | D:5      | Noticed a wyvern
  4432 | D:5      | Noticed a wyvern
  4432 | D:5      | Noticed a spectral ugly thing
  4456 | D:5      | Found a shimmering blue altar of Sif Muna.
  4527 | D:5      | Became a worshipper of Sif Muna the Loreminder
  5144 | D:5      | Reached skill level 5 in Spellcasting
  5587 | D:6      | Mangled by an ogre

Levels and vault maps discovered:
D:1:      dpeg_arrival_tiny_h, layout_rooms
D:2:      layout_basic, grunt_gozag_statues, uniq_jessica
D:3:      gammafunk_steamed_eel, layout_basic, minmay_misc_feat_ornament
D:4:      layout_loops_ring, first_ration
D:5:      layout_loops_ring, regret_index_temple_of_mockery,
          kennysheep_little_box, glass_columns_a
D:6:      layout_loops_corners, serial_shops, shop

Skill      XL: |  1  2  3  4  5  6  7 |
---------------+----------------------+-----
Spellcasting   | 3 4 5 |  5.1
Ice Magic      | 4 5 |  5.9
Shields        | 1 2 3 |  3.4
Summonings     | 1 2 3 |  3.5
Dodging        | |  1.7
Stealth        | |  1.7
Conjurations   | |  1.0

Action                   |  1- 3 |  4- 6 |  7- 9 || total
-------------------------+-------+-------+-------++-------
Melee: Mace              |    29 |   106 |    28 ||   163
       Unarmed           |     1 |       |       ||     1
       Tailslap          |     2 |     9 |     3 ||    14
 Cast: Freeze            |    39 |    49 |    22 ||   110
       Summon Ice Beast  |       |     4 |     9 ||    13
  Use: Scroll            |     5 |     3 |     3 ||    11
 Stab: Sleeping          |     3 |       |       ||     3
  Eat: Chunk             |     3 |     8 |     5 ||    16
       Ration            |       |       |     1 ||     1
Armor: Skin              |    22 |    70 |    23 ||   115
Dodge: Dodged            |    38 |   125 |    37 ||   200
Block: Buckler           |       |       |     1 ||     1

Table legend:
 A = Non-vault XP
 B = Vault XP
 C = Vault XP percentage of total XP
 D = Non-vault monster count
 E = Vault monster count
 F = Vault count percentage of total count
                 A         B        C        D         E       F
            +---------+---------+-------+---------+---------+-------
      Total |    1324 |      37 |   2.7 |      98 |       1 |   1.0
            +---------+---------+-------+---------+---------+-------
        D:1 |      18 |       0 |   0.0 |      12 |       0 |   0.0
        D:2 |     111 |      37 |  25.0 |      27 |       1 |   3.6
        D:3 |      98 |       0 |   0.0 |      27 |       0 |   0.0
        D:4 |     173 |       0 |   0.0 |       8 |       0 |   0.0
        D:5 |     824 |       0 |   0.0 |      22 |       0 |   0.0
        D:6 |     100 |       0 |   0.0 |       2 |       0 |   0.0
            +---------+---------+-------+---------+---------+-------
